 Dungeon Crawl Stone Soup version 0.18.1-50-g88ac8fd (webtiles) character file.

79 mopl the Sneak (level 4, -1/23 HPs)
             Began as a Vine Stalker Warper on July 8, 2019.
             Slain by a gnoll
             ... wielding a +0 whip
              (4 damage)
             ... on level 2 of the Dungeon.
             The game lasted 00:02:14 (1066 turns).

mopl the Sneak (Vine Stalker Warper)                Turns: 1066, Time: 00:02:15

Health: -1/23      AC:  4    Str: 13    XL:     4   Next: 37%
Magic:  0/8        EV:  6    Int: 13    God:
Gold:   18         SH:  0    Dex: 15    Spells: 1 memorised, 6 levels left

rFire  . . .     SeeInvis .     a - +0 short sword
rCold  . . .     Gourm    .     b - +0 leather armour
rNeg   . . .     Faith    .     (no shield)
rPois  .         Spirit   +     (no helmet)
rElec  .         Dismiss  .     n - +0 cloak
rCorr  .         Reflect  .     (no gloves)
SustAt .         Harm     .     (no boots)
MR     .....                    (no amulet)
Stlth  ++........               (no ring)
                                (no ring)

@: held, drained, not resistant to hostile enchantments, unstealthy
A: fangs 2, regeneration 1, magic shield, antimagic bite, no device heal 3, rot
immunity
a: no special abilities


You were on level 2 of the Dungeon.
You were hungry.

You visited 1 branch of the dungeon, and saw 2 of its levels.

You collected 18 gold pieces.

Inventory:

Hand Weapons
 a - a +0 short sword (weapon)
Missiles
 e - 5 tomahawks of dispersal (quivered)
 l - 11 poisoned needles
Armour
 b - a +0 leather armour (worn)
 n - a +0 cloak (worn)
Scrolls
 d - 2 scrolls of blinking
 g - a scroll of teleportation {unknown}
 h - a scroll of magic mapping {unknown}
 j - a scroll of noise {unknown}
 o - a scroll of remove curse {unknown}
 r - a scroll of enchant armour {unknown}
Potions
 k - a potion of beneficial mutation {unknown}
 m - a potion of curing {unknown}
 p - 2 potions of lignification {unknown}
Books
 c - a book of Spatial Translocations

   Spells                             Type                      Level
   a - Apportation                    Translocation                1
   b - Blink                          Translocation                2
   c - Shroud of Golubria             Charms/Translocation         2
   d - Portal Projectile              Translocation                3
   e - Teleport Other                 Translocation                3
   f - Passage of Golubria            Translocation                4
Comestibles
 f - 2 bread rations
 i - a meat ration
 q - 3 chunks of flesh


   Skills:
 - Level 1.7(0.9) Fighting
 + Level 3.2(2.4) Short Blades
 - Level 0.8(0.1) Throwing
 - Level 0.7(0.0) Armour
 - Level 1.5(0.7) Dodging
 + Level 3.2(2.4) Stealth
 - Level 2.1(1.3) Spellcasting
 - Level 3.0(2.1) Translocations


You had 6 spell levels left.
You knew the following spells:

 Your Spells              Type           Power        Failure   Level  Hunger
a - Apportation           Tloc           #.........   14%         1    ##.....


Dungeon Overview and Level Annotations

Branches:
Dungeon (2/15)

Altars:
Dithmenos


Innate Abilities, Weirdness & Mutations

You have extremely sharp teeth.
Your natural rate of healing is unusually fast.
When hurt, damage is shared between your health and your magic reserves.
Your bite disrupts and absorbs the magic of your enemies.
Potions and wands cannot restore your health.
You are immune to rotting.


Message History

The gnoll hits you with a whip.
* * * LOW HITPOINT WARNING * * *
Some of the chunks of flesh in your inventory have rotted away.
A kobold comes into view. It is wielding a dagger.
The kobold shouts!
The kobold barely misses you. The kobold barely misses you.
The teleport trap disappears.
The gnoll disappears!
The kobold hits you with a dagger. The kobold barely misses you.
The gnoll throws a throwing net.
The throwing net hits you.
You become entangled in the net!
You see here a throwing net.
You try to slip out of the net.
The kobold hits you with a dagger. The gnoll hits you with a whip!
* * * LOW HITPOINT WARNING * * *
You try to slip out of the net.
The kobold hits you with a dagger.
* * * LOW HITPOINT WARNING * * *
The gnoll hits you with a whip.
You die...

#################
................######
#.#############......######
#†# ####...#..##...# #.#
#.....###......# #.#
#.##..###..##..# #.#
########.###@.#..###..#####
#<#
#.........##Kg...##.......#
###
#......................##.#
#.......##....gg...##..##.#
######.####..._...####.##.#
#...##.........##..##.#
#..................##.###
#####.....##.....##......g...
#........###..#..###......###


You could see 3 gnolls and a kobold.

Vanquished Creatures
  Terence (D:2)
  2 adders (D:2)
  3 dart slugs (D:1)
  A giant gecko (D:1)
  2 giant cockroaches
  6 goblins
  2 hobgoblins (D:1)
  2 kobolds (D:1)
  5 bats
  2 giant newts (D:1)
  4 rats (D:1)
30 creatures vanquished.

Notes
Turn   | Place    | Note
--------------------------------------------------------------
     0 | D:1      | mopl the Vine Stalker Warper began the quest for the Orb.
     0 | D:1      | Reached XP level 1. HP: 11/11 MP: 4/4
   108 | D:1      | Reached skill level 2 in Short Blades
   108 | D:1      | Reached skill level 1 in Stealth
   192 | D:1      | Reached XP level 2. HP: 15/15 MP: 6/6
   316 | D:1      | Reached skill level 2 in Stealth
   338 | D:1      | Reached XP level 3. HP: 14/18 MP: 5/7
   697 | D:2      | Found a shadowy altar of Dithmenos.
   842 | D:2      | Noticed Terence
   885 | D:2      | Killed Terence
   885 | D:2      | Reached skill level 3 in Short Blades
   885 | D:2      | Reached skill level 3 in Stealth
   885 | D:2      | Reached XP level 4. HP: 8/23 MP: 3/8
  1066 | D:2      | Slain by a gnoll

Skill      XL: |  1  2  3 |
---------------+----------+-----
Short Blades   | 2 3 |  3.2
Stealth        | 1 2 3 |  3.2
Fighting       | |  1.7
Throwing       | |  0.8
Armour         | |  0.7
Dodging        | |  1.5
Spellcasting   | |  2.1
Translocations | |  3.0

Action                   |  1- 3 |  4- 6 || total
-------------------------+-------+-------++-------
Melee: Short sword       |   122 |    25 ||   147
       Bite              |    27 |     6 ||    33
 Stab: Sleeping          |     4 |       ||     4
Armor: Leather armour    |    22 |     3 ||    25
Dodge: Dodged            |    74 |    13 ||    87
